AA
FREDERICK STARS @ FORT LEE GENERALS
04/22/2060
 
TOP OF THE 1ST
Frederick Stars batting - Pitching for Fort Lee Generals : LHP Zackary Umemoto
Pitching: LHP Zackary Umemoto
Batting: RHB Mitchell Metz 0-0: SINGLE (Flyball, 78S, EV 93.1 MPH)
Batting: LHB Brad Moore 0-0: Foul Ball, location: 2F
0-1: Swinging Strike
0-2: Strikes out swinging
Batting: RHB Jay Atwood 0-0: Foul Ball, location: 2F
0-1: Ball
1-1: Ball
Mitchell Metz is caught stealing 2nd base 2-4
2-1: Ground out 4-3 (Groundball, 4, EV 81.2 MPH)
Top of the 1st over - 0 runs, 1 hit, 0 errors, 0 left on base; Frederick 0 - Fort Lee 0
BOTTOM OF THE 1ST
Fort Lee Generals batting - Pitching for Frederick Stars : RHP Judd Shankle
Pitching: RHP Judd Shankle
Batting: RHB Dillon Brady 0-0: Swinging Strike
0-1: Swinging Strike
0-2: Ball
1-2: Ball
2-2: Foul Ball, location: 2F
2-2: Ball
3-2: Foul Ball, location: 2F
3-2: SINGLE (Line Drive, 89M, EV 108.8 MPH)
Batting: SHB Dallas Johnson 0-0: SINGLE (Groundball, 6S, EV 67.5 MPH) (infield hit)
Dillon Brady to second
Batting: LHB Karim Brown 0-0: Called Strike
0-1: Ball
1-1: Ball
2-1: Ball
3-1: SINGLE (Line Drive, 34D, EV 97.5 MPH)
Dillon Brady to third
Dallas Johnson to second
Throwing error, E9
Dillon Brady scores
Dallas Johnson to third
Karim Brown to second
Batting: RHB Zane Poe 0-0: SINGLE (Line Drive, 8LS, EV 102.5 MPH)
Dallas Johnson scores
Karim Brown to third
Batting: RHB Trevon Nixon 0-0: Ball
1-0: SINGLE (Line Drive, 89S, EV 102.5 MPH)
Karim Brown scores
Zane Poe to second
Batting: RHB Samuel Bowles 0-0: Ball
1-0: Foul Ball, location: 2F
1-1: Ball
2-1: Foul Ball, location: 2F
2-2: Foul Ball, location: 2F
2-2: SINGLE (Groundball, 5D, EV 93.8 MPH)
Zane Poe to third
Trevon Nixon to second
Runner from 3rd tries for Home, SAFE, throw by LF to home
Batting: LHB Bryant Goody 0-0: Ball
1-0: Grounds into double play, 4-6-3 (Groundball, 4, EV 78.8 MPH)
Trevon Nixon to third
Batting: LHB Kendal Dowdell 0-0: Ball
1-0: Swinging Strike
1-1: Ball
2-1: Foul Ball, location: 2F
2-2: Strikes out swinging
Bottom of the 1st over - 4 runs, 6 hits, 1 error, 1 left on base; Frederick 0 - Fort Lee 4
TOP OF THE 2ND
Frederick Stars batting - Pitching for Fort Lee Generals : LHP Zackary Umemoto
Batting: RHB Furman Mendoza 0-0: Called Strike
0-1: Called Strike
0-2: Ball
1-2: Fly out, F9 (Line Drive, 9D, EV 100.6 MPH)
Batting: RHB Fabyon Choi 0-0: Ball
1-0: Called Strike
1-1: Called Strike
1-2: Ball
2-2: Ball
3-2: Foul Ball, location: 2F
3-2: Fly out, F8 (Flyball, 78M, EV 88.1 MPH)
Batting: RHB Carston Abidugun 0-0: SINGLE (Popup, 3D, EV 53.8 MPH)
Batting: RHB Abraham Koziarz 0-0: Fly out, F7 (Flyball, 7S, EV 95.0 MPH)
Top of the 2nd over - 0 runs, 1 hit, 0 errors, 1 left on base; Frederick 0 - Fort Lee 4
BOTTOM OF THE 2ND
Fort Lee Generals batting - Pitching for Frederick Stars : RHP Judd Shankle
Batting: LHB Rod Pamungkas 0-0: Ball
1-0: Foul Ball, location: 2F
1-1: Swinging Strike
1-2: Ball
2-2: Foul Ball, location: 2F
2-2: Foul Ball, location: 2F
2-2: Strikes out swinging
Batting: RHB Dillon Brady 0-0: Foul Ball, location: 2F
0-1: Ground out 6-3 (Groundball, 6, EV 86.9 MPH)
Batting: SHB Dallas Johnson 0-0: Ball
1-0: Swinging Strike
1-1: Ball
2-1: Swinging Strike
2-2: Fly out, F6 (Popup, 6MD, EV 45.6 MPH)
Bottom of the 2nd over - 0 runs, 0 hits, 0 errors, 0 left on base; Frederick 0 - Fort Lee 4
TOP OF THE 3RD
Frederick Stars batting - Pitching for Fort Lee Generals : LHP Zackary Umemoto
Batting: LHB Harrison Ruto 0-0: SOLO HOME RUN (Line Drive, 9D, EV 92.5 MPH), Distance : 359 ft
Batting: SHB Lane Nixon 0-0: Called Strike
0-1: Called Strike
0-2: Foul Ball, location: 2F
0-2: Ball
1-2: Foul Ball, location: 2F
1-2: Strikes out swinging
Batting: RHB Mitchell Metz 0-0: Ball
1-0: Fly out, F9 (Line Drive, 9LS, EV 98.1 MPH)
Batting: LHB Brad Moore 0-0: Ball
1-0: Ball
2-0: Called Strike
2-1: Swinging Strike
2-2: Ball
3-2: Strikes out looking
Top of the 3rd over - 1 run, 1 hit, 0 errors, 0 left on base; Frederick 1 - Fort Lee 4
BOTTOM OF THE 3RD
Fort Lee Generals batting - Pitching for Frederick Stars : RHP Judd Shankle
Batting: LHB Karim Brown 0-0: Fly out, F8 (Flyball, 8LD, EV 88.8 MPH)
Batting: RHB Zane Poe 0-0: Called Strike
0-1: Foul Ball, location: 2F
0-2: Strikes out looking
Batting: RHB Trevon Nixon 0-0: Ball
1-0: Ball
2-0: Ball
3-0: Called Strike
3-1: Called Strike
3-2: Strikes out swinging
Bottom of the 3rd over - 0 runs, 0 hits, 0 errors, 0 left on base; Frederick 1 - Fort Lee 4
TOP OF THE 4TH
Frederick Stars batting - Pitching for Fort Lee Generals : LHP Zackary Umemoto
Batting: RHB Jay Atwood 0-0: Called Strike
0-1: Fly out, F8 (Flyball, 8LM, EV 90.6 MPH)
Batting: RHB Furman Mendoza 0-0: Ball
1-0: Called Strike
1-1: Ball
2-1: Called Strike
2-2: Strikes out swinging
Batting: RHB Fabyon Choi 0-0: Called Strike
0-1: Ball
1-1: Foul Ball, location: 2F
1-2: Ball
2-2: Strikes out swinging
Top of the 4th over - 0 runs, 0 hits, 0 errors, 0 left on base; Frederick 1 - Fort Lee 4
BOTTOM OF THE 4TH
Fort Lee Generals batting - Pitching for Frederick Stars : RHP Judd Shankle
Batting: RHB Samuel Bowles 0-0: Ground out 5-3 (Groundball, 5L, EV 98.8 MPH)
Batting: LHB Bryant Goody 0-0: Ball
1-0: Fly out, F8 (Flyball, 8RD, EV 101.9 MPH)
Batting: LHB Kendal Dowdell 0-0: Ball
1-0: Called Strike
1-1: Called Strike
1-2: Foul Ball, location: 2F
1-2: Ball
2-2: Ball
3-2: SINGLE (Line Drive, 9S, EV 107.5 MPH)
Batting: LHB Rod Pamungkas 0-0: Ball
1-0: Ball
2-0: Called Strike
2-1: Foul Ball, location: 2F
2-2: Foul Ball, location: 2F
2-2: Strikes out swinging
Bottom of the 4th over - 0 runs, 1 hit, 0 errors, 1 left on base; Frederick 1 - Fort Lee 4
TOP OF THE 5TH
Frederick Stars batting - Pitching for Fort Lee Generals : LHP Zackary Umemoto
Batting: RHB Carston Abidugun 0-0: Ball
1-0: Ball
2-0: Ball
3-0: Called Strike
3-1: Foul Ball, location: 2F
3-2: Strikes out swinging
Batting: RHB Abraham Koziarz 0-0: Called Strike
0-1: Ball
1-1: Ball
2-1: Ball
3-1: Base on Balls
Batting: LHB Harrison Ruto 0-0: Ball
Abraham Koziarz steals 2nd base
1-0: Swinging Strike
1-1: Foul Ball, location: 2F
1-2: Foul Ball, location: 2F
1-2: Fly out, F7 (Line Drive, 78D, EV 100.0 MPH)
Batting: SHB Lane Nixon 0-0: Called Strike
0-1: Swinging Strike
0-2: Strikes out looking
Top of the 5th over - 0 runs, 0 hits, 0 errors, 1 left on base; Frederick 1 - Fort Lee 4
BOTTOM OF THE 5TH
Fort Lee Generals batting - Pitching for Frederick Stars : RHP Judd Shankle
Batting: RHB Dillon Brady 0-0: Ground out 5-3 (Groundball, 5S, EV 90.0 MPH)
Batting: SHB Dallas Johnson 0-0: Called Strike
0-1: Swinging Strike
0-2: Strikes out swinging
Batting: LHB Karim Brown 0-0: Ball
1-0: Called Strike
1-1: Ball
2-1: SINGLE (Line Drive, 9S, EV 103.1 MPH)
Batting: RHB Zane Poe 0-0: Ball
1-0: Foul Ball, location: 2F
1-1: Ball
2-1: Foul Ball, location: 2F
2-2: Strikes out looking
Bottom of the 5th over - 0 runs, 1 hit, 0 errors, 1 left on base; Frederick 1 - Fort Lee 4
TOP OF THE 6TH
Frederick Stars batting - Pitching for Fort Lee Generals : LHP Zackary Umemoto
Batting: RHB Mitchell Metz 0-0: Fly out, F4 (Popup, 34D, EV 60.6 MPH)
Batting: LHB Brad Moore 0-0: Foul Ball, location: 2F
0-1: SINGLE (Groundball, 34D, EV 103.1 MPH)
Batting: RHB Jay Atwood 0-0: Swinging Strike
0-1: Swinging Strike
0-2: Ball
1-2: Foul Ball, location: 2F
1-2: Fly out, F8 (Flyball, 8LXD, EV 107.5 MPH)
Batting: RHB Furman Mendoza 0-0: Foul Ball, location: 2F
0-1: Called Strike
0-2: Strikes out looking
Top of the 6th over - 0 runs, 1 hit, 0 errors, 1 left on base; Frederick 1 - Fort Lee 4
BOTTOM OF THE 6TH
Fort Lee Generals batting - Pitching for Frederick Stars : RHP Judd Shankle
Batting: RHB Trevon Nixon 0-0: Called Strike
0-1: Called Strike
0-2: Ball
1-2: SINGLE (Groundball, 56D, EV 97.5 MPH)
Batting: RHB Samuel Bowles 0-0: Called Strike
0-1: Swinging Strike
0-2: Strikes out swinging
Batting: LHB Bryant Goody 0-0: Foul Ball, location: 2F
0-1: Fielders Choice at 2nd, 6-4 (Groundball, 6, EV 80.6 MPH)
Batting: LHB Kendal Dowdell 0-0: DOUBLE (Line Drive, 7LS, EV 111.2 MPH)
Bryant Goody to third
Runner from 3rd tries for Home, throw by LF and OUT! 7-6-2
Bottom of the 6th over - 0 runs, 2 hits, 0 errors, 1 left on base; Frederick 1 - Fort Lee 4
TOP OF THE 7TH
Frederick Stars batting - Pitching for Fort Lee Generals : LHP Zackary Umemoto
Batting: RHB Fabyon Choi 0-0: Ball
1-0: SOLO HOME RUN (Flyball, 78XD, EV 104.4 MPH), Distance : 413 ft
Batting: RHB Carston Abidugun 0-0: Ball
1-0: Ball
2-0: Called Strike
2-1: Ball
3-1: Foul Ball, location: 2F
3-2: Foul Ball, location: 2F
3-2: Strikes out swinging
Batting: RHB Abraham Koziarz 0-0: Called Strike
0-1: Ball
1-1: Ball
2-1: Swinging Strike
2-2: Fly out, F8 (Flyball, 89M, EV 83.8 MPH)
Batting: LHB Harrison Ruto 0-0: Ball
1-0: Foul Ball, location: 2F
1-1: Called Strike
1-2: Strikes out swinging
Top of the 7th over - 1 run, 1 hit, 0 errors, 0 left on base; Frederick 2 - Fort Lee 4
BOTTOM OF THE 7TH
Fort Lee Generals batting - Pitching for Frederick Stars : RHP Judd Shankle
Batting: LHB Rod Pamungkas 0-0: Ball
1-0: Called Strike
1-1: Ball
2-1: Swinging Strike
2-2: Strikes out swinging
Batting: RHB Dillon Brady 0-0: Ball
1-0: Called Strike
1-1: Ball
2-1: Foul Ball, location: 2F
2-2: Hit by Pitch
Pitching: LHP LaSean Wheeler
Batting: SHB Dallas Johnson 0-0: Ball
1-0: Ball
2-0: Called Strike
2-1: Ball
3-1: Called Strike
3-2: Fielders Choice at 2nd, 6-4 (Groundball, 56, EV 75.6 MPH)
Batting: LHB Karim Brown 0-0: Ball
1-0: Ball
2-0: Foul Ball, location: 2F
2-1: Ball
3-1: Foul Ball, location: 2F
3-2: Base on Balls
Dallas Johnson to second
Batting: RHB Zane Poe 0-0: Ball
1-0: Ball
2-0: Ball
3-0: Base on Balls
Dallas Johnson to third
Karim Brown to second
Batting: RHB Trevon Nixon 0-0: Called Strike
0-1: Ball
1-1: Foul Ball, location: 2F
1-2: Foul Ball, location: 2F
1-2: Fly out, F8 (Line Drive, 8LD, EV 104.4 MPH)
Bottom of the 7th over - 0 runs, 0 hits, 0 errors, 3 left on base; Frederick 2 - Fort Lee 4
TOP OF THE 8TH
Frederick Stars batting - Pitching for Fort Lee Generals : LHP Zackary Umemoto
Pitching: RHP Eugene Brown
Batting: SHB Lane Nixon 0-0: Ball
1-0: Swinging Strike
1-1: Foul Ball, location: 2F
1-2: Strikes out looking
Batting: RHB Mitchell Metz 0-0: Swinging Strike
0-1: Called Strike
0-2: Ball
1-2: Ball
2-2: Ball
3-2: Strikes out looking
Pitching: LHP Chet Salaises
Pinch Hitting: RHB Isaiah Peterson 0-0: Called Strike
0-1: Ball
1-1: Swinging Strike
1-2: Strikes out looking
Top of the 8th over - 0 runs, 0 hits, 0 errors, 0 left on base; Frederick 2 - Fort Lee 4
BOTTOM OF THE 8TH
Fort Lee Generals batting - Pitching for Frederick Stars : LHP LaSean Wheeler
Now in CF: Grant Kaputa
Batting: RHB Samuel Bowles 0-0: DOUBLE (Line Drive, 7LS, EV 101.2 MPH)
Batting: LHB Bryant Goody 0-0: Ball
Passed Ball!
Samuel Bowles to third
1-0: Swinging Strike
1-1: Swinging Strike
1-2: DOUBLE (Groundball, 3L, EV 107.5 MPH)
Samuel Bowles scores
Batting: LHB Kendal Dowdell 0-0: Intentional Walk
Batting: LHB Rod Pamungkas 0-0: Ball
1-0: Called Strike
Bryant Goody is caught stealing 3rd base 2-5
1-1: Foul Ball, location: 2F
1-2: Foul Ball, location: 2F
1-2: Grounds into double play, 6-4-3 (Groundball, 6, EV 86.9 MPH)
Bottom of the 8th over - 1 run, 2 hits, 0 errors, 0 left on base; Frederick 2 - Fort Lee 5
TOP OF THE 9TH
Frederick Stars batting - Pitching for Fort Lee Generals : LHP Chet Salaises
Pitching: LHP Cory Shetler
Batting: RHB Jay Atwood 0-0: Ball
1-0: SINGLE (Line Drive, 6D, EV 104.4 MPH)
Batting: RHB Furman Mendoza 0-0: Grounds into double play, 5-4-3 (Groundball, 56, EV 106.2 MPH)
Batting: RHB Fabyon Choi 0-0: Ball
1-0: Ball
2-0: Ball
3-0: Base on Balls
Batting: RHB Carston Abidugun 0-0: Called Strike
0-1: Fielders Choice at 2nd, 5-4 (Groundball, 5L, EV 107.5 MPH)
Top of the 9th over - 0 runs, 1 hit, 0 errors, 1 left on base; Frederick 2 - Fort Lee 5
Monday, April 29th , 2024 - OOTP Baseball 23.10 Build 110